 Dungeon Crawl Stone Soup version 0.26.1-2-gb8aa6d0cf2 (webtiles) character file.

Game seed: 6181278322280444416

471 sking99 the Chopper (level 7, -8/61 HPs)
             Began as a Hill Orc Monk on Feb 20, 2021.
             Was a Believer of Nemelex Xobeh.
             Mangled by an ogre
             ... wielding a +0 giant spiked club
              (21 damage)
             ... on level 4 of the Dungeon.
             The game lasted 00:08:27 (5113 turns).

sking99 the Chopper (Hill Orc Monk)                 Turns: 5113, Time: 00:08:28

Health: -8/61      AC: 13    Str: 16    XL:     7   Next: 9%
Magic:  9/9        EV:  7    Int: 10    God:    Nemelex Xobeh [**....]
Gold:   145        SH:  0    Dex: 13    Spells: 6/6 levels left

rFire    . . .     SeeInvis .   a - +0 hand axe
rCold    . . .     Faith    .   (no shield)
rNeg     . . .     Spirit   .   o - +0 chain mail
rPois    .         Reflect  .   r - +0 helmet
rElec    .         Harm     .   u - +2 cloak
rCorr    .         Rampage  .   (no gloves)
Will     .....                  (no boots)
Stlth    ..........             (no amulet)
HPRegen  0.20/turn              (no ring)
MPRegen  0.11/turn              (no ring)

@: no status effects
A: no striking features
a: Renounce Religion, Draw Escape, Draw Destruction, Draw Summoning


You were on level 4 of the Dungeon.
You worshipped Nemelex Xobeh.
Nemelex Xobeh was pleased with you.
You visited 1 branch of the dungeon, and saw 4 of its levels.

You collected 145 gold pieces.

Inventory:

Hand Weapons
 a - a +0 hand axe (weapon)
Armour
 o - a +0 chain mail (worn)
 r - a +0 helmet (worn)
 u - a +2 cloak (worn)
Jewellery
 b - an uncursed ring of fire {unknown}
 j - a +6 ring of strength {unknown}
Wands
 p - a wand of digging (5)
 v - a wand of acid (7)
 A - a wand of random effects (15)
Scrolls
 d - 4 scrolls of teleportation {unknown}
 e - 2 scrolls of identify {unknown}
 h - 3 scrolls of blinking {unknown}
 i - 5 scrolls of remove curse {unknown}
 s - 2 scrolls of enchant armour {unknown}
 x - a scroll of enchant weapon {unknown}
 y - a scroll of fog {unknown}
Potions
 c - 3 potions of haste {unknown}
 f - a potion of lignification {unknown}
 g - a potion of invisibility {unknown}
 k - a potion of ambrosia {unknown}
 l - 4 potions of curing
 m - a potion of brilliance {unknown}
 n - 2 potions of might {unknown}
 q - a potion of cancellation {unknown}
 t - 3 potions of degeneration {unknown}
 w - a potion of attraction {unknown}
 z - 2 potions of flight {unknown}


   Skills:
 + Level 5.5 Fighting
 * Level 7.7 Axes
 + Level 2.4 Armour
 - Level 2.4 Dodging
 - Level 1.5 Stealth
 + Level 3.4 Invocations


You had 6 spell levels left.
You didn't know any spells.
Your spell library was empty.

Dungeon Overview and Level Annotations

Branches:
Dungeon (4/15)
 Temple: D:4-7

Altars:
Ashenzari
Gozag
Nemelex Xobeh


Message History

The ogre convulses!
You hit the ogre.
The ogre is heavily wounded.
The ogre hits you with a +0 giant spiked club!
You hit the ogre.
The ogre is severely wounded.
You hit the ogre but do no damage.
The ogre is severely wounded.
The ogre hits you with a +0 giant spiked club!
Your chain mail prevents you from hitting the ogre.
The ogre is severely wounded.
The ogre hits you with a +0 giant spiked club!!
* * * LOW HITPOINT WARNING * * *
You hit the ogre but do no damage.
The ogre is severely wounded.
You slash the ogre!
The ogre is almost dead.
The ogre hits you with a +0 giant spiked club!!
You die...
Your body disappears without a glow.

..#########.#..#.(.............##
..###.........####..........####
..#......##..## #.....#......#
....##......#####....##....#.#
...†.....##.....#..°.##...##...
##.......#........#..##...# ###.
##.###............#..##..## . ###
#............#..##.##
#..........@O.......#
####................#
#..................#
#.........##.###.###
#.........##.# .# #.........##..
# .............. ......$... .###


You could see an ogre.

Vanquished Creatures
  A phantom (D:4)
  A hound (D:4)
  Crazy Yiuf (D:2)
  An iguana (D:3)
  Ijyb (D:4)
  4 worker ants (D:4)
  A hound skeleton (D:4)
  Robin (D:2)
  3 gnolls (D:4)
  6 adders
  A white imp (D:4)
  A worm (D:2)
  A leopard gecko (D:1)
  A ball python (D:1)
  8 bats
  A giant cockroach (D:1)
  13 goblins
  9 hobgoblins
  8 jackals
  9 kobolds
  4 frilled lizards
  2 rats
78 creatures vanquished.

Notes
Turn   | Place    | Note
-------+----------+-------------------------------------------
     0 | D:1      | sking99 the Hill Orc Monk began the quest for the Orb.
     0 | D:1      | Reached XP level 1. HP: 19/19 MP: 1/1
   261 | D:1      | Reached XP level 2. HP: 27/27 MP: 2/2
   621 | D:1      | Found a broken altar of Ashenzari.
   687 | D:1      | Reached skill level 5 in Axes
  1181 | D:2      | Reached XP level 3. HP: 31/31 MP: 3/3
  1638 | D:2      | Found a sparkling altar of Nemelex Xobeh.
  1638 | D:2      | Found an opulent altar of Gozag.
  1644 | D:2      | Became a worshipper of Nemelex Xobeh the Trickster
  1644 | D:2      | Reached * piety under Nemelex Xobeh
  1644 | D:2      | Received a gift from Nemelex Xobeh
  1644 | D:2      | Reached ** piety under Nemelex Xobeh
  2030 | D:2      | Noticed Robin
  2071 | D:1      | Reached XP level 4. HP: 21/41 MP: 4/4
  2073 | D:1      | Reached skill level 1 in Invocations
  2337 | D:2      | Killed Robin
  2578 | D:2      | Received a gift from Nemelex Xobeh
  3011 | D:2      | Found a runed translucent door.
  3012 | D:2      | Noticed Crazy Yiuf
  3118 | D:2      | Killed Crazy Yiuf
  3119 | D:2      | Reached skill level 6 in Axes
  3119 | D:2      | Reached XP level 5. HP: 47/47 MP: 4/6
  3488 | D:3      | Reached skill level 1 in Armour
  4362 | D:4      | Reached skill level 5 in Fighting
  4362 | D:4      | Reached XP level 6. HP: 55/56 MP: 7/7
  4376 | D:4      | Received a gift from Nemelex Xobeh
  4382 | D:4      | Noticed a phantom
  4418 | D:4      | Killed a phantom
  4419 | D:4      | Reached skill level 7 in Axes
  4740 | D:4      | Noticed Ijyb
  4753 | D:4      | Killed Ijyb
  4839 | D:4      | Reached XP level 7. HP: 58/61 MP: 9/9
  5113 | D:4      | Mangled by an ogre

Illustrated notes

Levels and vault maps discovered:
D:1:      saegor_arrival_simple_c, layout_loops_corners, evilmike_ruin_ashenzari
D:2:      layout_basic, grunt_temple_overflow_opulence, uniq_robin,
          uniq_crazy_yiuf_cottage
D:3:      layout_loops_corners
D:4:      layout_rooms, lemuel_coloured_pillars_altar, minmay_misc_feat_cross,
          uniq_ijyb

Skill      XL: |  1  2  3  4  5  6 |
---------------+-------------------+-----
Fighting       | 4 5 |  5.5
Axes           | 5 6 7 |  7.7
Invocations    | 1 2 3 |  3.4
Armour         | 1 2 |  2.4
Dodging        | |  2.4
Stealth        | |  1.5

Action                   |  1- 3 |  4- 6 |  7- 9 || total
-------------------------+-------+-------+-------++-------
Melee: Hand axe          |   131 |   234 |    17 ||   382
Invok: Draw Destruction  |       |     3 |     2 ||     5
Armor: Leather armour    |     6 |       |       ||     6
       Chain mail        |    47 |   144 |     7 ||   198
       Robe              |     1 |       |       ||     1
Dodge: Dodged            |    50 |    92 |     2 ||   144
